 Dungeon Crawl Stone Soup version 0.27.1-3-gb3d3a73c9e (webtiles) character file.

Game seed: 15052837890463223712

104 styxcanada the Sneak (level 4, -7/23 HPs)
             Began as a Spriggan Brigand on Oct 22, 2021.
             Splashed by a jelly's acid (8 damage)
             ... on level 3 of the Dungeon.
             The game lasted 00:09:23 (2551 turns).

styxcanada the Sneak (Spriggan Brigand)             Turns: 2551, Time: 00:09:25

Health: -7/23      AC: -1    Str:  7    XL:     4   Next: 52%
Magic:  7/7        EV: 17    Int: 12    God:
Gold:   88         SH:  0    Dex: 17    Spells: 5/6 levels left

rFire    . . .     SeeInvis +   a - +2 dagger
rCold    . . .     Faith    .   (shield restricted)
rNeg     . . .     Spirit   .   b - +0 robe
rPois    .         Reflect  .   (helmet restricted)
rElec    .         Harm     .   c - +0 cloak
rCorr    .         Rampage  .   (gloves unavailable)
Will     .....                  (boots unavailable)
Stlth    ++++......             (no amulet)
HPRegen  0.07/turn              (no ring)
MPRegen  0.10/turn              (no ring)

@: corroded, very quick
A: very small, no large weapons, unfitting armour, see invisible, speed 3
a: no special abilities


You were on level 3 of the Dungeon.
You visited 1 branch of the dungeon, and saw 3 of its levels.

You collected 88 gold pieces.

Inventory:

Hand Weapons
 a - a +2 dagger (weapon)
Missiles
 d - 15 poisoned darts (quivered)
 e - 2 curare-tipped darts
 g - 12 sling bullets
 i - 47 stones
Armour
 b - a +0 robe (worn)
 c - a +0 cloak (worn)
Jewellery
 h - a ring of ice
 j - an amulet of faith
Scrolls
 f - 2 scrolls of enchant weapon {unknown}
 l - 2 scrolls of magic mapping {unknown}
 m - a scroll of teleportation {unknown}
 n - a scroll of silence {unknown}
Potions
 k - a potion of might {unknown}


   Skills:
 * Level 2.1 Fighting
 + Level 2.3 Short Blades
 + Level 2.1 Throwing
 * Level 2.4 Dodging
 * Level 7.4 Stealth
 * Level 1.7 Spellcasting
 * Level 0.2 Conjurations
 * Level 0.2 Fire Magic


You had 5 spell levels left.
You knew the following spells:

 Your Spells              Type           Power      Damage    Failure   Level
a - Foxfire               Conj/Fire      4%         2x1d4     26%         1

Your spell library contained the following spells:

 Spells                   Type           Power      Damage    Failure   Level
 Conjure Flame            Conj/Fire      1%         6-21      61%         3
 Inner Flame              Hex/Fire       1%         N/A       63%         3


Dungeon Overview and Level Annotations

Branches:
Dungeon (3/15)

Altars:
Yredelemnul

Shops:
D:3 *


Innate Abilities, Weirdness & Mutations

You are very small and have problems with some larger weapons.
You are too small for most types of armour.
You have supernaturally acute eyesight. (SInv)
You cover ground extremely quickly. (Speed+++)


Message History

d - 12 poisoned darts (gained 1)
You see here an adder corpse.
d - 13 poisoned darts (gained 1)
You see here a poisoned dart.
You see here a poisoned dart.
You see here a poisoned dart.
d - 14 poisoned darts (gained 1)
You see here a poisoned dart.
d - 15 poisoned darts (gained 1)
You hit the quokka.
The quokka is moderately wounded.
The quokka completely misses you.
You closely miss the quokka.
The quokka is moderately wounded.
The quokka barely misses you.
The jelly quivers.
You hit the quokka.
The quokka is almost dead.
The quokka misses you.
You hit the quokka.
You kill the quokka!
The jelly hits you but does no damage.
You hit the jelly.
Your hands burn!
The jelly is lightly wounded.
You hit the jelly but do no damage.
Your hands burn!
The jelly is lightly wounded.
The jelly misses you.
You hit the jelly.
Your hands burn!
The jelly is moderately wounded.
The jelly hits you but does no damage.
You hit the jelly. The acid corrodes you!
Your hands burn!
The jelly is moderately wounded.
The jelly closely misses you.
You hit the jelly.
Your hands burn!
* * * LOW HITPOINT WARNING * * *
The jelly is heavily wounded.
The jelly hits you.
* * * LOW HITPOINT WARNING * * *
You are splashed with acid!
You die...

#.#......###.##.#
J..._(. ....##.#
....( #..##.# .g..
#...#.#
.g###.#.....#######
#.....#............
#.# ###.....#######
##.###..J..#.#
#(......@..<#.#
#.######.###.## #?
#.# ... #. #.#
#.### #. #.##.. #.
#. #.##.# #. #.
#.##.# #. #†##.# #.
#.##.# #.


You could see a jelly.

Vanquished Creatures
  2 gnolls (D:3)
  4 adders
  An orc (D:3)
  6 ball pythons
  3 bats
  7 endoplasms
  A giant cockroach (D:1)
  3 goblins
  A hobgoblin (D:3)
  2 jackals (D:2)
  5 quokkas
  3 frilled lizards (D:2)
  4 kobolds
  7 rats
49 creatures vanquished.

Notes
Turn   | Place    | Note
-------+----------+-------------------------------------------
     0 | D:1      | styxcanada the Spriggan Brigand began the quest for the
                  | Orb.
     0 | D:1      | Reached XP level 1. HP: 10/10 MP: 2/2
    95 | D:1      | Reached skill level 6 in Stealth
   623 | D:1      | Reached skill level 1 in Spellcasting
   651 | D:1      | Found a faded altar of an unknown god.
   665 | D:1      | Reached XP level 2. HP: 15/15 MP: 4/4
  1207 | D:2      | Found a basalt altar of Yredelemnul.
  1293 | D:2      | Reached XP level 3. HP: 18/18 MP: 6/6
  1614 | D:2      | Reached skill level 7 in Stealth
  1616 | D:2      | Learned a level 1 spell: Foxfire
  2111 | D:3      | Reached XP level 4. HP: 23/23 MP: 7/7
  2286 | D:3      | Found a basalt altar of Yredelemnul.
  2312 | D:3      | Found Xyuvoemo's Assorted Antiques.
  2551 | D:3      | HP: 1/23 [jelly (2)]
  2551 | D:3      | Splashed by a jelly's acid

Illustrated notes

Levels and vault maps discovered:
D:1:      matt_arrival_grand_opening, layout_basic,
          ebering_ecumenical_altar_petrified
D:2:      layout_basic, basic_altar, st_stairs_7, hangedman_decor_peaks_small
D:3:      layout_loops_ring, mainiacjoe_overflow_alcove_1,
          nicolae_overflow_crystal_walls, serial_shops, shop, shop, shop,
          shop_statue

Skill      XL: |  1  2  3 |
---------------+----------+-----
Stealth        | 6 7 |  7.4
Spellcasting   | 1 |  1.7
Dodging        | 2 |  2.4
Fighting       | 2 |  2.1
Short Blades   | |  2.3
Throwing       | |  2.1
Conjurations   | |  0.2
Fire Magic     | |  0.2

Action                   |  1- 3 |  4- 6 || total
-------------------------+-------+-------++-------
Melee: Dagger            |    94 |    32 ||   126
Throw: Dart              |     5 |    13 ||    18
 Stab: Sleeping          |    18 |     2 ||    20
Armor: Robe              |     6 |     5 ||    11
Dodge: Dodged            |    54 |    12 ||    66
